 Dungeon Crawl Stone Soup version 0.19-a0-32-gbfd796a (webtiles) character file.

20113 namelastname112 the Destroyer (level 12, -9/92 HPs)
             Began as a Yellow Draconian Wizard on May 3, 2016.
             Was the Champion of Sif Muna.
             Hit by a large rock thrown by a cyclops (41 damage)
             ... on level 12 of the Dungeon.
             The game lasted 00:45:11 (17977 turns).

namelastname112 the Destroyer (DrWz)               Turns: 17977, Time: 00:45:11

Health: -9/92      AC: 13    Str:  8    XL:     12   Next: 42%
Magic:  7/34       EV: 18    Int: 29    God:    Sif Muna [******]
Gold:   231        SH:  0    Dex: 11    Spells: 7 memorised, 9 levels left

rFire  . . .     SeeInvis .     v - +3 broad axe (elec)
rCold  . . .     Gourm    .     (armour unavailable)
rNeg   . . .     Faith    .     (no shield)
rPois  .         Spirit   .     J - +3 hat of Pondering {ponderous, MR+ MP+10 Int+5}
rElec  .         Dismiss  .     m - +0 cloak
rCorr  +         Reflect  .     O - +0 pair of gloves
SustAt .         Harm     .     (no boots)
MR     +....     Rnd*Rage +     h - amulet of regeneration
Stlth  +++.......               j - +3 ring of evasion
                                o - ring of wizardry

@: lethally poisoned (-9 -> -10), repel missiles, slow, somewhat resistant to
hostile enchantments, fairly stealthy
A: spit acid, acid resistance, unfitting armour, camouflage 1, berserk 1, frail
1, screaming 1, slow regeneration 1, cold-blooded, AC +8
a: Spit Acid, Channel Energy, Forget Spell, Renounce Religion


You were on level 12 of the Dungeon.
You worshipped Sif Muna.
Sif Muna was exalted by your worship.
You were near starving.

You visited 2 branches of the dungeon, and saw 13 of its levels.

You collected 651 gold pieces.
You spent 420 gold pieces at shops.

Inventory:

Hand Weapons
 v - a +3 broad axe of electrocution (weapon)
Missiles
 z - 2 curare-tipped needles
 C - 3 throwing nets (quivered)
Armour
 m - a +0 cloak (worn)
 J - the +3 hat of Pondering (worn) {ponderous, MR+ MP+10 Int+5}
   (You took it off Gastronok on level 9 of the Dungeon)

   It affects your intelligence (+5).
   It affects your resistance to hostile enchantments.
   It affects your magic capacity (+10).
 O - a +0 pair of gloves (worn)
Jewellery
 h - an amulet of regeneration (around neck)
 j - a +3 ring of evasion (right hand)
 o - a ring of wizardry (left hand)
 P - an uncursed ring of protection from fire {unknown}
Wands
 n - a wand of flame (41/48)
 x - a wand of lightning (5/15)
 E - a wand of flame (14/48)
Scrolls
 d - a scroll of enchant armour
 i - 3 scrolls of identify
 l - 2 scrolls of amnesia
 p - 5 scrolls of blinking
 q - 2 scrolls of fog
 t - 3 scrolls of magic mapping
 y - 5 scrolls of teleportation
 H - 2 scrolls of remove curse
 K - a scroll of fear
 L - a scroll of recharging
 N - 2 scrolls of enchant weapon
Potions
 e - 5 potions of curing
 f - 3 potions of lignification
 g - 2 potions of heal wounds
 r - 2 potions of cancellation
 w - 5 potions of flight
 A - a potion of magic
 B - a potion of berserk rage
 F - a potion of resistance
 G - a potion of brilliance
Books
 a - a book of Battle

   Spells                             Type                      Level
   a - Infusion                       Charms                       1
   b - Shroud of Golubria             Charms/Translocation         2
   c - Song of Slaying                Charms                       2
   d - Spectral Weapon                Hexes/Charms                 3
   e - Regeneration                   Charms/Necromancy            3
 b - a book of Minor Magic

   Spells                             Type                      Level
   a - Magic Dart                     Conjuration                  1
   b - Blink                          Translocation                2
   c - Call Imp                       Summoning                    2
   d - Repel Missiles                 Charms/Air                   2
   e - Slow                           Hexes                        2
   f - Conjure Flame                  Conjuration/Fire             3
   g - Mephitic Cloud                 Conjuration/Poison/Air       3
 k - a book of the Warp

   Spells                             Type                      Level
   a - Recall                         Summoning/Translocation      3
   b - Gell's Gravitas                Hexes/Translocation          3
   c - Force Lance                    Conjuration/Translocation    4
   d - Warp Weapon                    Charms/Translocation         5
   e - Summon Forest                  Summoning/Translocation      5
 D - a book of Party Tricks

   Spells                             Type                      Level
   a - Summon Butterflies             Summoning                    1
   b - Apportation                    Translocation                1
   c - Tukima's Dance                 Hexes                        3
   d - Alistair's Intoxication        Transmutation/Poison         5
   e - Invisibility                   Hexes                        6
 I - a book of Alchemy

   Spells                             Type                      Level
   a - Sublimation of Blood           Necromancy                   2
   b - Ignite Poison                  Fire/Transmutation/Poison    3
   c - Petrify                        Transmutation/Earth          4
   d - Alistair's Intoxication        Transmutation/Poison         5
   e - Irradiate                      Conjuration/Transmutation    5
 M - Retu's Further Steps in Spellweaving
   (You bought it in a shop on level 8 of the Dungeon)

   Spells                             Type                      Level
   a - Lee's Rapid Deconstruction     Earth                        5
   b - Yara's Violent Unravelling     Hexes/Transmutation          5
   c - Summon Mana Viper              Hexes/Summoning              5
   d - Agony                          Necromancy                   5
   e - Cigotuvi's Embrace             Necromancy                   5
   f - Alistair's Intoxication        Transmutation/Poison         5
 S - Sif Muna's Grimoire of Black Arts
   (Sif Muna gifted it to you on level 12 of the Dungeon)

   Spells                             Type                      Level
   a - Animate Skeleton               Necromancy                   1
   b - Regeneration                   Charms/Necromancy            3
   c - Bolt of Draining               Conjuration/Necromancy       5
Comestibles
 c - 9 bread rations
 s - 10 beef jerkies
 u - 2 fruits
 R - 2 meat rations


   Skills:
 + Level 8.6 Fighting
 + Level 7.1 Dodging
 - Level 1.7 Stealth
 + Level 8.8 Spellcasting
 - Level 11.1 Conjurations
 + Level 5.0 Charms
   Level 1.0 Summonings
 - Level 1.0 Translocations
 * Level 7.5 Earth Magic
 + Level 5.4 Invocations


You had 9 spell levels left.
You knew the following spells:

 Your Spells              Type           Power        Failure   Level  Hunger
a - Repel Missiles        Chrm/Air       ####..       1%          2    None
c - Conjure Flame         Conj/Fire      #####...     1%          3    None
f - Ignite Poison         Fire/Trmt/Pois ##......     6%          3    None
s - Mephitic Cloud        Conj/Pois/Air  ####....     1%          3    None
v - Lee's Rapid Deconstr  Erth           ######....   3%          5    ####...
x - Blink                 Tloc           N/A          1%          2    None
z - Magic Dart            Conj           ####         1%          1    None


Dungeon Overview and Level Annotations

Branches:
Dungeon (12/15)            Temple (1/1) D:5            Lair (0/8) D:11
    Orc (0/2) D:11

Altars:
Ashenzari
Cheibriados
Dithmenos
Elyvilon
Fedhas
Gozag
Kikubaaqudgha
Makhleb
Nemelex Xobeh
Okawaru
Pakellas
Qazlal
Ru
Sif Muna
Trog
Vehumet
Xom
Yredelemnul
Zin
The Shining One

Shops:
D:6 ?[   D:8 [*%

Annotations:
D:8 exclusion: statue


Innate Abilities, Weirdness & Mutations

You can spit globs of acid.
You are resistant to acid.
Your golden yellow scales are hard (AC +8).
Your body does not fit into most forms of armour.
You are cold-blooded and may be slowed by cold attacks.
Your skin changes colour to match your surroundings (Stealth).
You tend to lose your temper in combat.
You are frail (-10% HP).
You occasionally shout uncontrollably at your foes.
You regenerate slowly when monsters are visible.


Message History

The magic dart hits something.
You now have 4/34 mp.
Casting: Magic Dart
Confirm with . or Enter, or press ? or * to list all spells.
Aiming: Magic Dart
Press: ? - help, Shift-Dir - straight line The magic dart hits something.
Reactivating autopickup.
Your Charms skill increases to level 5!
You feel a bit more experienced.
You feel sick.
Casting: Magic Dart
Confirm with . or Enter, or press ? or * to list all spells.
Okay, then.
You channel some magical energy.
You feel somewhat more hungry.
The cyclops throws a large rock.
The large rock completely misses you.
You regained 2 mp, and now have 6/34 mp.
You channel some magical energy.
You feel somewhat more hungry.
You feel sick.
You take 1 damage, and have 31/92 hp.
The cyclops throws a large rock.
The large rock hits you!!!
You die...

........######..........#
.#####..# #..######.##
..#..# #..# ### #.#..#
#..# #.#..# #..# #§#..#
#..# ##C#..## #..#
####......#####..###
.....).....(@(§.....#
......<.##..####.##.#
C...##>###.# # .. ... #.#
.### #.# .. #.# . #.# #.#


You could see a cyclops.

Vanquished Creatures
  Gastronok (D:9)
  Josephine (D:10)
  A hydra (D:12)
  5 skeletal warriors (D:11)
  2 unseen horrors
  4 ugly things
  A cyclops (D:12)
  An elephant (D:11)
  Joseph (D:7)
  A centaur skeleton (D:11)
  The ghost of M4edhros the Insei, a novice OpNe of Cheibriados (D:6)
  A merfolk (D:9)
  13 yaks (D:11)
  4 wraiths (D:10)
  2 hippogriffs
  3 hungry ghosts (D:11)
  The ghost of simok the Slasher, an amateur HaBe of Trog (D:3)
  A warg (D:11)
  A water moccasin (D:7)
  A naga (D:9)
  2 ice beasts
  A wasp (D:11)
  8 orc warriors
  A necrophage (D:8)
  4 phantoms
  6 ogres
  2 centaurs
  A crocodile (D:11)
  7 giant frogs
  5 scorpions
  12 killer bees
  19 wights
  A howler monkey (D:4)
  5 jellies
  4 crimson imps
  3 centaur zombies
  3 quasits
  4 hounds
  11 orc priests
  19 orc wizards
  6 iguanas
  14 worker ants
  A killer bee zombie (D:9)
  A sheep (D:11)
  A hound zombie (D:8)
  A hound skeleton (D:6)
  12 adders
  5 shadow imps
  An ooze (D:4)
  2 adder zombies
  4 worms
  A dart slug (D:2)
  9 giant geckos
  53 orcs
  A ball python (D:1)
  3 giant cockroaches
  11 hobgoblins
  19 jackals
  A quokka (D:3)
  9 bats
  A giant gecko skeleton (D:7)
  8 giant newts
  14 goblins
  4 kobolds
  10 rats
356 creatures vanquished.

Notes
Turn   | Place    | Note
--------------------------------------------------------------
     0 | D:1      | namelastname112 the Draconian Wizard began the quest for the Orb.
     0 | D:1      | Reached XP level 1. HP: 14/14 MP: 4/4
   564 | D:1      | Reached XP level 2. HP: 20/20 MP: 3/6
   628 | D:1      | HP: 1/20 [hobgoblin/club (2)]
   736 | D:1      | Reached skill level 2 in Conjurations
  1163 | D:1      | Found a sparkling altar of Nemelex Xobeh.
  1376 | D:1      | Noticed an ogre
  1591 | D:2      | Reached XP level 3. HP: 26/26 MP: 5/7
  1615 | D:2      | Learned a level 3 spell: Mephitic Cloud
  1828 | D:1      | Killed an ogre
  1828 | D:1      | Reached skill level 3 in Conjurations
  1828 | D:1      | Reached XP level 4. HP: 33/33 MP: 2/9
  2222 | D:2      | Reached skill level 4 in Conjurations
  2222 | D:2      | Reached XP level 5. HP: 30/38 MP: 2/10
  2353 | D:2      | Learned a level 2 spell: Blink
  2357 | D:2      | Learned a level 3 spell: Conjure Flame
  2442 | D:2      | Learned a level 2 spell: Repel Missiles
  2474 | D:2      | Noticed a moth of wrath
  2477 | D:2      | Found a bloodstained altar of Trog.
  2934 | D:3      | Noticed simok's ghost (amateur HaBe)
  3385 | D:3      | Found an iron altar of Okawaru.
  3386 | D:3      | Found a snail-covered altar of Cheibriados.
  3388 | D:3      | Found a blossoming altar of Fedhas.
  3392 | D:3      | Found an opulent altar of Gozag.
  3395 | D:3      | Found a glowing silver altar of Zin.
  3741 | D:3      | Reached skill level 5 in Conjurations
  3807 | D:3      | Reached XP level 6. HP: 32/45 MP: 5/12
  4556 | D:4      | Reached skill level 6 in Conjurations
  4660 | D:4      | Your scales start taking on a golden yellow colour.
  4660 | D:4      | Reached XP level 7. HP: 50/50 MP: 8/14
  5026 | D:4      | Found an iron altar of Okawaru.
  5223 | D:4      | Reached skill level 1 in Fighting
  5612 | D:5      | Entered Level 5 of the Dungeon
  5619 | D:5      | Reached skill level 5 in Spellcasting
  5619 | D:5      | Reached skill level 7 in Conjurations
  5964 | D:5      | Found a staircase to the Ecumenical Temple.
  5971 | Temple   | Entered the Ecumenical Temple
  6093 | Temple   | Became a worshipper of Sif Muna the Loreminder
  6137 | D:5      | Reached XP level 8. HP: 6/61 MP: 0/15
  6532 | D:5      | Learned a level 3 spell: Ignite Poison
  7061 | D:6      | Noticed M4edhros's ghost (novice OpNe)
  7069 | D:6      | Killed M4edhros's ghost
  7069 | D:6      | Reached * piety under Sif Muna
  7069 | D:6      | Reached skill level 8 in Conjurations
  7394 | D:3      | Killed simok's ghost
  7810 | D:6      | Found Sikhlu's Armour Boutique.
  8097 | D:6      | Reached XP level 9. HP: 59/71 MP: 1/18
  8296 | D:6      | Found Xeistri's Magic Scroll Boutique.
  8302 | D:6      | Bought a scroll of teleportation for 45 gold pieces
  8390 | D:6      | Found a shimmering altar of Xom.
  8641 | D:6      | Gained mutation: You occasionally shout uncontrollably at your foes. [potion of mutation]
  8641 | D:6      | Gained mutation: You tend to lose your temper in combat. [potion of mutation]
  8641 | D:6      | Gained mutation: You evolve. [potion of mutation]
  8790 | D:7      | Noticed Joseph
  8803 | D:7      | Killed Joseph
  8803 | D:7      | Reached ** piety under Sif Muna
  8803 | D:7      | Reached skill level 9 in Conjurations
  9699 | D:7      | Reached skill level 5 in Fighting
 10086 | D:7      | Gained mutation: You are robust (+10% HP). [evolution]
 10086 | D:7      | Lost mutation: You evolve. [end of evolution]
 10446 | D:7      | Reached skill level 5 in Dodging
 10519 | D:7      | You fall through a shaft!
 10543 | D:8      | Reached skill level 10 in Conjurations
 10555 | D:8      | Found a radiant altar of Vehumet.
 10592 | D:8      | Found Kiremife's Assorted Antiques.
 10708 | D:8      | Found Eshrolow's Food Emporium.
 10897 | D:8      | Reached XP level 10. HP: 83/91 MP: 6/20
 11029 | D:8      | Found Noofei's Antique Armour Shop.
 11088 | D:8      | Reached *** piety under Sif Muna
 12245 | D:9      | Reached skill level 1 in Charms
 12431 | D:9      | Reached skill level 1 in Invocations
 12659 | D:9      | Drew Focus: Int increased to 22, Str decreased to 8
 12777 | D:9      | Found a shattered altar of Ashenzari.
 13167 | D:8      | Bought a droning book for 375 gold pieces
 13167 | D:8      | Identified Retu's Further Steps in Spellweaving (You bought it in a shop on level 8 of the Dungeon)
 13173 | D:8      | Learned a level 5 spell: Lee's Rapid Deconstruction
 13209 | D:10     | Entered Level 10 of the Dungeon
 13215 | D:10     | Noticed Gastronok
 13256 | D:9      | Killed Gastronok
 13496 | D:10     | Reached **** piety under Sif Muna
 13515 | D:10     | Killed an unseen horror
 13863 | D:10     | Reached XP level 11. HP: 94/101 MP: 22/22
 13932 | D:10     | Noticed a red ugly thing
 13984 | D:10     | Killed a red ugly thing
 13991 | D:10     | Gained mutation: You regenerate slowly when monsters are visible. [mutagenic meat]
 14467 | D:10     | Noticed Josephine
 14510 | D:10     | Killed Josephine
 14510 | D:10     | Reached skill level 11 in Conjurations
 15060 | D:11     | Found a staircase to the Orcish Mines.
 15233 | D:11     | Reached ***** piety under Sif Muna
 15287 | D:11     | Reached skill level 5 in Earth Magic
 15748 | D:11     | Noticed a purple ugly thing
 15757 | D:11     | Killed a purple ugly thing
 15824 | D:11     | Noticed a skeletal warrior
 15845 | D:11     | Killed a skeletal warrior
 15923 | D:11     | Noticed a skeletal warrior
 15931 | D:11     | Noticed a skeletal warrior
 15934 | D:11     | Noticed a skeletal warrior
 15937 | D:11     | Killed a skeletal warrior
 16211 | D:11     | Killed a skeletal warrior
 16217 | D:11     | Killed a skeletal warrior
 16224 | D:11     | Noticed a purple ugly thing
 16233 | D:11     | Killed a purple ugly thing
 16271 | D:11     | Lost mutation: You are robust (+10% HP). [mutagenic meat]
 16272 | D:11     | Gained mutation: You are frail (-10% HP). [mutagenic meat]
 16605 | D:11     | Reached XP level 12. HP: 78/90 MP: 13/24
 16922 | D:11     | Found a staircase to the Lair.
 17520 | D:11     | Reached skill level 5 in Invocations
 17698 | D:12     | Noticed an eight-headed hydra
 17704 | D:12     | Killed an eight-headed hydra
 17704 | D:12     | Reached ****** piety under Sif Muna
 17704 | D:12     | Received a gift from Sif Muna
 17707 | D:12     | Identified Sif Muna's Grimoire of Black Arts (Sif Muna gifted it to you on level 12 of the Dungeon)
 17966 | D:12     | Gained mutation: Your skin changes colour to match your surroundings (Stealth). [mutagenic meat]
 17974 | D:12     | Reached skill level 5 in Charms
 17977 | D:12     | Hit by a large rock thrown by a cyclops

Vault maps used:
D:1:      dpeg_chamrin_arrival_tetris, hex_large, kennysheep_crisscross,
          kennysheep_small_spiral, minivault_24,
          nemelex_xobeh_ov_fountains_minmay
D:2:      st_stairs_6, tgw_trog
D:3:      grunt_temple_overflow_open, first_bread
D:4:      minmay_misc_feat_square, okawaru_metal_pillars_1_2
D:5:      minmay_temple_entry_glass
D:6:      lemuel_coloured_pillars_altar, serial_shops, shop,
          nicolae_shop_statue_plus
D:7:      serial_co_window_serial, co_window_corner_a, co_window_corner_a,
          co_window_cross_1, co_window_of_opportunity_a, co_window_corner_a,
          co_window_corner_a, co_window_paths_b, co_window_corner_b,
          co_window_corner_b, co_window_broadway_c, co_window_2corner,
          co_window_of_opportunity_b, glass_columns_a, glass_columns_b,
          grunt_ogre_cave, uniq_joseph
D:8:      vehumet_statue, serial_shops,
          nicolae_shop_temple_entry_statues_fountains, shop,
          nicolae_shop_behind_doors
D:9:      kennysheep_little_box
D:10:     uniq_josephine, uniq_gastronok
D:11:     david_lair_generic, erik_orc_3, grunt_ministairs_13
D:12:     uniq_frances
Temple:   water_room_temple_b_12

Skill      XL: |  1  2  3  4  5  6  7  8  9 10 11 12 |
---------------+-------------------------------------+-----
Conjurations   | 2 3 4 5 6 7 8 10 11 | 11.1
Spellcasting   | 4 5 6 7 8 |  8.8
Dodging        | 2 4 5 6 7 |  7.1
Fighting       | 2 4 5 7 8 |  8.6
Charms         | 2 4 5 |  5.0
Invocations    | 2 4 5 |  5.4
Earth Magic    | 3 6 7 |  7.5
Stealth        | |  1.7
Summonings     | |  1.0
Translocations | |  1.0

Action                   |  1- 3 |  4- 6 |  7- 9 | 10-12 || total
-------------------------+-------+-------+-------+-------++-------
Melee: Unarmed           |    26 |       |       |       ||    26
       Tailslap          |     7 |     7 |     5 |    16 ||    35
       Dagger            |    17 |    49 |       |       ||    66
       Broad axe         |       |    41 |    84 |   193 ||   318
 Cast: Magic Dart        |    61 |   149 |   375 |   379 ||   964
       Mephitic Cloud    |     3 |     4 |    23 |    48 ||    78
       Conjure Flame     |       |    12 |     5 |    34 ||    51
       Repel Missiles    |       |     1 |       |       ||     1
       Blink             |       |       |     6 |    21 ||    27
       Ignite Poison     |       |       |     7 |    18 ||    25
       Lee's Rapid Decon |       |       |       |    48 ||    48
Invok: Channel Energy    |       |       |       |    26 ||    26
 Abil: Spit Acid         |       |       |     3 |     2 ||     5
Evoke: Deck              |       |       |       |     6 ||     6
  Use: Scroll            |       |       |    21 |     3 ||    24
       Potion            |       |       |     1 |     1 ||     2
 Stab: Confused          |       |     2 |     4 |     4 ||    10
  Eat: Chunk             |     2 |    11 |    17 |    21 ||    51
       Pizza             |       |       |     2 |       ||     2
       Meat ration       |       |       |     1 |     3 ||     4
Armor: Skin              |    19 |    28 |    79 |    97 ||   223
Dodge: Dodged            |    70 |    85 |   159 |   323 ||   637
       Deflected         |       |       |     2 |     2 ||     4
